 Dungeon Crawl Stone Soup version 0.28-b1-1-g3c77fb2ed1 (webtiles) character file.

Game seed: 482726734248331478

1536 comborobin the Grappler (level 8, -12/78 HPs)
             Began as a Troll Cinder Acolyte on Jan 30, 2022.
             Was an Elder of Ignis.
             Mangled by an ogre (17 damage)
             ... on level 6 of the Dungeon.
             The game lasted 00:04:38 (2783 turns).

comborobin the Grappler (Troll Cinder Acolyte)      Turns: 2783, Time: 00:04:39

Health: -12/78     AC:  4    Str: 23    XL:     8   Next: 56%
Magic:  8/8        EV: 10    Int: 10    God:    Ignis [****..]
Gold:   181        SH:  0    Dex:  7    Spells: 6/9 levels left

rFire   + . .      SeeInvis .     - Unarmed
rCold   . . .      Faith    .   (no shield)
rNeg    . . .      Spirit   .   a - +0 robe
rPois   .          Reflect  .   (helmet restricted)
rElec   .          Harm     .   (no cloak)
rCorr   .          Rampage  .   (gloves unavailable)
Will    .....                   (boots unavailable)
Stlth   +.........              (no amulet)
HPRegen 1.03/turn               (no ring)
MPRegen 0.11/turn               (no ring)

@: slowed, very slow
A: large, unfitting armour, claws 3, regeneration 1, shaggy fur 1, tough skin 1
a: Renounce Religion, Fiery Armour, Foxfire Swarm, Rising Flame


You were on level 6 of the Dungeon.
You worshipped Ignis.
Ignis was greatly pleased with you.
You visited 1 branch of the dungeon, and saw 6 of its levels.
You also visited: Sewer.

You collected 181 gold pieces.

Inventory:

Hand Weapons
 n - a +2 dagger of venom
Missiles
 g - 10 poisoned darts (quivered)
Armour
 a - a +0 robe (worn)
Jewellery
 e - a ring of protection from fire
 r - a ring of protection from fire
Wands
 o - a wand of iceblast (4)
 s - a wand of charming (8)
Scrolls
 b - 9 scrolls of identify {unknown}
 c - 2 scrolls of magic mapping {unknown}
 i - a scroll of teleportation {unknown}
 j - 2 scrolls of amnesia {unknown}
 k - a scroll of enchant weapon {unknown}
 m - a scroll of fog {unknown}
 q - a scroll of noise {unknown}
 t - a scroll of vulnerability {unknown}
Potions
 d - a potion of curing {unknown}
 f - a potion of cancellation {unknown}
 h - a potion of flight {unknown}
 p - a potion of attraction {unknown}
Miscellaneous
 l - a phial of floods (inert)


   Skills:
 - Level 4.0 Fighting
 - Level 3.0 Dodging
 + Level 9.8 Unarmed Combat
 - Level 1.0 Spellcasting
 - Level 2.1 Fire Magic


You had 6 spell levels left.
You knew the following spells:

 Your Spells              Type           Power      Damage    Failure   Level
o - Ozocubu's Armour      Ice            0%         N/A       71%         3

Your spell library contained the following spells:

 Spells                   Type           Power      Damage    Failure   Level
 Scorch                   Fire           8%         2d5       22%         2
 Sublimation of Blood     Necr           0%         N/A       45%         2
 Wereblood                Tmut           0%         N/A       45%         2
 Call Canine Familiar     Summ           0%         N/A       71%         3
 Portal Projectile        Hex/Tloc       0%         N/A       71%         3
 Leda's Liquefaction      Hex/Erth       0%         N/A       98%         4
 Metabolic Englaciation   Hex/Ice        0%         N/A       100%        5
 Simulacrum               Ice/Necr       0%         N/A       100%        6
 Summon Hydra             Summ           0%         N/A       100%        7


Dungeon Overview and Level Annotations

Branches:
Dungeon (6/15)              Sewer (visited)
 Temple: D:4-7

Altars:
Dithmenos
Vehumet
Wu Jian


Innate Abilities, Weirdness & Mutations

You are too large for most types of armour.
You have claws for hands.
Your natural rate of healing is unusually fast.
You are covered in fur. (AC +1)
You have tough skin. (AC +1)


Message History

The foxfire hits the wraith.
The wraith is severely damaged.
The foxfire hits the wraith but does no damage.
The wraith is severely damaged.
The foxfire hits the wraith but does no damage.
The wraith is severely damaged.
The foxfire hits the wraith but does no damage.
The wraith is severely damaged.
The foxfire hits the ogre.
The ogre is severely wounded.
The foxfire hits the wraith but does no damage.
The wraith is severely damaged.
The foxfire hits the ogre.
The ogre is severely wounded.
The foxfire hits the wraith but does no damage.
The wraith is severely damaged.
The foxfire hits the wraith but does no damage.
The wraith is severely damaged.
The foxfire hits the wraith but does no damage.
The wraith is severely damaged.
The foxfire hits the wraith but does no damage.
The wraith is severely damaged.
The foxfire hits the wraith.
The wraith is severely damaged.
The foxfire hits the ogre.
The ogre is almost dead.
The foxfire hits the wraith but does no damage.
The wraith is severely damaged.
The foxfire hits the wraith.
The wraith is almost destroyed.
The foxfire hits the wraith.
The wraith is almost destroyed.
The foxfire hits the wraith but does no damage.
The wraith is almost destroyed.
The foxfire hits the wraith but does no damage.
The wraith is almost destroyed.
The foxfire hits the wraith but does no damage.
The wraith is almost destroyed.
The ogre hits you with a +0 giant club!
You die...

###.....##.##.
##.....##....#
#.......#...##
###########..........##
.......§............##
......§.............##
.....§..............#
..#.§WO..####+####.###
#§§@§§§# #.).#
......§§§§§# #..##
...........# #..#
.........).# #..##
...........# #..#.
#..........####+####....
##............#!#.......
.............###....#..
..........##


You could see a wraith and an ogre.

Vanquished Creatures
  A two-headed ogre (D:5)
  An ice beast (D:5)
  An ogre (D:5)
  A centaur (D:6)
  2 phantoms
  3 bullfrogs
  A scorpion (D:5)
  A water moccasin zombie (D:5)
  A water moccasin skeleton (D:5)
  A jelly (D:3)
  An orc wizard (D:5)
  A hound zombie (D:5)
  7 adders
  A white imp (D:5)
  An adder skeleton (D:4)
  5 orcs
  4 ball pythons
  An endoplasm (D:3)
  14 giant cockroaches
  A hobgoblin (D:4)
  4 kobolds
  8 quokkas
  3 bats
  9 frilled lizards (Sewer)
  7 goblins
  3 rats
83 creatures vanquished.

Vanquished Creatures (others)
  37 foxfires (D:6)
37 creatures vanquished.

Grand Total: 120 creatures vanquished

Notes
Turn   | Place    | Note
-------+----------+-------------------------------------------
     0 | D:1      | comborobin the Troll Cinder Acolyte began the quest for the
                  | Orb.
     0 | D:1      | Reached XP level 1. HP: 22/22 MP: 1/1
   334 | D:1      | Found a faded altar of an unknown god.
   392 | D:2      | Reached XP level 2. HP: 29/29 MP: 2/2
   514 | D:3      | Reached skill level 4 in Unarmed Combat
   514 | D:3      | Reached XP level 3. HP: 36/36 MP: 3/3
   532 | D:3      | Found a glowing drain.
   561 | Sewer    | Entered a sewer
   642 | Sewer    | Reached XP level 4. HP: 44/44 MP: 4/4
   653 | Sewer    | Reached skill level 5 in Unarmed Combat
   775 | Sewer    | Noticed a bullfrog
   782 | Sewer    | Killed a bullfrog
   783 | Sewer    | Reached XP level 5. HP: 42/50 MP: 5/5
   807 | Sewer    | Reached skill level 6 in Unarmed Combat
  1310 | D:3      | Identified the +6 chain mail "Vangaryw" {rF+ Regen+ Int-3
                  | Dex+4}
  1371 | D:3      | Noticed a phantom
  1378 | D:3      | Killed a phantom
  1379 | D:3      | Reached skill level 7 in Unarmed Combat
  1379 | D:3      | Reached XP level 6. HP: 55/59 MP: 6/6
  1522 | D:4      | Found a shadowy altar of Dithmenos.
  1718 | D:3      | You fall into a shaft and drop 1 floor!
  1800 | D:5      | Entered Level 5 of the Dungeon
  1926 | D:5      | Found a radiant altar of Vehumet.
  1943 | D:5      | Reached skill level 8 in Unarmed Combat
  1990 | D:5      | Reached XP level 7. HP: 62/66 MP: 7/7
  2356 | D:5      | Reached skill level 1 in Dodging
  2401 | D:5      | Found an ornate altar of the Wu Jian Council.
  2443 | D:5      | Noticed a two-headed ogre
  2449 | D:5      | Killed a two-headed ogre
  2450 | D:5      | Reached skill level 9 in Unarmed Combat
  2450 | D:5      | Reached XP level 8. HP: 78/78 MP: 8/8
  2656 | D:5      | Learned a level 3 spell: Ozocubu's Armour
  2779 | D:6      | HP: 3/78 [wraith (11)]
  2783 | D:6      | Mangled by an ogre

Illustrated notes

Levels and vault maps discovered:
D:1:      erik_arrival_blinker_ship, layout_basic, basic_ecumenical_altar
D:2:      layout_loops_ring, hangedman_abyss_or_decor_lesser_grid, uniq_jessica
D:3:      layout_basic, gup_sewer_entry_pipe
D:4:      layout_gridville, nemelex_dance_club_becter, amcnicky_altar_gilded,
          bh_walls_and_bars, uniq_ijyb
D:5:      layout_basic, vehumet_crystals,
          mainiacjoe_overflow_concentric_impassable
D:6:      kennysheep_windowed_halls, layout_cave_pools,
          mainiacjoe_overflow_catwalk, minmay_temple_entry_glassed_door,
          grunt_tough_drop

Skill      XL: |  1  2  3  4  5  6  7 |
---------------+----------------------+-----
Unarmed Combat | 4 5 7 8 9 |  9.8
Dodging        | 3 |  3.0
Fighting       | 4 |  4.0
Spellcasting   | |  1.0
Fire Magic     | |  2.1

Action                   |  1- 3 |  4- 6 |  7- 9 || total
-------------------------+-------+-------+-------++-------
Melee: Unarmed           |    89 |   147 |    38 ||   274
       Punch             |       |     5 |     3 ||     8
Throw: Dart              |       |       |    10 ||    10
Invok: Fiery Armour      |       |       |     1 ||     1
       Foxfire Swarm     |       |       |     2 ||     2
Evoke: Wand              |       |       |     3 ||     3
       Phial of floods   |       |       |     1 ||     1
Armor: Robe              |    37 |    29 |    13 ||    79
Dodge: Dodged            |    56 |    53 |    15 ||   124
